 Dungeon Crawl Stone Soup version 0.28.0-53-g5a82cb258f (webtiles) character file.

Game seed: 41966968633365792

13472 firemarshallily the Fighter (level 12, -16/95 HPs)
             Began as a Djinni Wanderer on Aug 4, 2022.
             Was an Elder of Makhleb.
             Killed from afar by a shock serpent (shapeshifter) (20 damage)
             ... with a bolt of electricity
             ... on level 11 of the Dungeon on Aug 7, 2022.
             The game lasted 01:10:31 (14523 turns).

firemarshallily the Fighter (Djinni Wanderer)      Turns: 14523, Time: 01:10:32

Health: -16/95     AC: 11    Str: 10    XL:     12   Next: 33%
Gold:   883        EV: 17    Int: 16    God:    Makhleb [****..] SH:  0 Dex: 17

rFire   + + .      SeeInvis .   s - +5 short sword (protect)
rCold   x . .      Faith    .   (no shield)
rNeg    . . .      Spirit   .   G - +0 acid dragon scales
rPois   ∞          Reflect  .   E - +2 hat
rElec   .          Harm     .   C - +2 cloak {rCorr}
rCorr   +          Rampage  .   (no gloves)
Will    +....                   (boots unavailable)
Stlth   +.........              A - amulet of regeneration
HPRegen 1.05/turn               e - ring of resist corrosion
MPRegen 0.00/turn               (no ring)

@: flying
A: sickness immunity, fire resistance 2, cold vulnerability 1, float, innate
caster, HP casting, extra vitality 1
a: Renounce Religion, Minor Destruction, Lesser Servant of Makhleb, Major
Destruction


You were on level 11 of the Dungeon.
You worshipped Makhleb.
Makhleb was greatly pleased with you.
You visited 2 branches of the dungeon, and saw 12 of its levels.
You also visited: Sewer.

You collected 883 gold pieces.

Inventory:

Hand Weapons
 a - a +0 vampiric dagger
 c - the +3 falchion of the Vaults {vorpal, *Corrode rN+ Str+6}
   (You found it on level 5 of the Dungeon)

   It inflicts extra damage upon your enemies.
   Str:       It affects your strength (+6).
   rN:        It protects you from negative energy.
   *Corrode:  It may corrode you when you take damage.
 s - a +5 short sword of protection (weapon)
 H - a +3 vampiric spear
Missiles
 g - 425 stones
 k - 41 poisoned darts
Armour
 h - a +2 scale mail of cold resistance
 y - a +2 leather armour of poison resistance
 z - a +2 robe of fire resistance
 C - a +2 cloak of preservation (worn)
 E - a +2 hat (worn)
 G - +0 acid dragon scales (worn)
Jewellery
 e - a ring of resist corrosion (left hand)
 A - an amulet of regeneration (around neck)
 I - a ring of fire
Wands
 o - a wand of polymorph (4)
 w - a wand of paralysis (8)
 x - a wand of mindburst (10)
Scrolls
 i - 2 scrolls of immolation
 l - a scroll of vulnerability
 m - 5 scrolls of teleportation
 u - a scroll of fog
 v - 5 scrolls of magic mapping
 D - a scroll of brand weapon
Potions
 b - a potion of lignification
 d - 2 potions of might
 j - 2 potions of brilliance
 n - 2 potions of haste
 p - a potion of cancellation
 q - a potion of heal wounds
 r - 2 potions of mutation
 t - a potion of berserk rage
 F - a potion of curing
Miscellaneous
 f - a tin of tremorstones (2/2)


   Skills:
 * Level 12.1 Fighting
 - Level 1.0 Throwing
 - Level 1.0 Armour
 + Level 10.9 Dodging
 * Level 9.7 Spellcasting


You had 13 spell levels left.
You knew the following spells:

 Your Spells              Type           Power      Damage    Failure   Level
a - Ignite Poison         Fire/Tmut/Pois 39%        N/A       1%          3
b - Sting                 Tmut/Pois      100%       1d8       1%          1
c - Animate Skeleton      Necr           78%        N/A       1%          1
d - Wereblood             Tmut           39%        N/A       1%          2
e - Scorch                Fire           78%        2d9       1%          2
f - Anguish               Hex/Necr       19%        N/A       2%          4
g - Sticky Flame          Conj/Fire      39%        2d6       2%          4

Your spell library contained the following spells:

 Spells                   Type           Power      Damage    Failure   Level


Dungeon Overview and Level Annotations

Branches:
Dungeon (11/15)            Temple (1/1) D:5            Lair (0/6) D:9
  Sewer (visited)
    Orc: D:9-12

Altars:
Ashenzari
Cheibriados
Dithmenos
Elyvilon
Fedhas
Gozag
Hepliaklqana
Kikubaaqudgha
Makhleb
Nemelex Xobeh
Okawaru
Qazlal
Ru
Sif Muna
Trog
Uskayaw
Vehumet
Wu Jian
Xom
Yredelemnul
Zin
The Shining One

Shops:
D:5 =

Annotations:
D:4 3 runed translucent doors, Soldner's ghost, novice KoBr
D:10 exclusion: door


Innate Abilities, Weirdness & Mutations

You are immune to sickness and miasma.
You are immune to poison.
Your flesh is very heat resistant. (rF++)
You are vulnerable to cold. (rC-)
You float through the air rather than walking.
You learn spells naturally, not from books.
Your magical power is your life essence.
You have superior vitality. (+4 MHP)


Message History

Confirm with . or Enter, or press ? or * to list all spells.
Casting: Anguish (dangerous; 2% risk of failure)
Press: ? - help, Dir - look around, f - activate The shock serpent easily resists.
The shock serpent barely misses you.
Unknown command.
Casting: Anguish (dangerous; 2% risk of failure)
Confirm with . or Enter, or press ? or * to list all spells.
Okay, then.
Casting: Anguish (dangerous; 2% risk of failure)
Confirm with . or Enter, or press ? or * to list all spells.
Casting: Anguish (dangerous; 2% risk of failure)
Press: ? - help, Dir - look around, f - activate Look: a shock serpent shaped shifter (lightly wounded, chance to affect: 58%)
Okay, then.
You feel much better.
The shock serpent shoots out a bolt of lightning at you!
The bolt of electricity hits you! The bolt of electricity hits you!!
* * * LOW HITPOINT WARNING * * *
The bolt of electricity hits the shock serpent.
The shock serpent completely resists.
The shock serpent closely misses you.
Okay, then.
Casting: Anguish (dangerous; 2% risk of failure)
Confirm with . or Enter, or press ? or * to list all spells.
Aiming: Sticky Flame (dangerous; 2% risk of failure)
Press: ? - help, Shift-Dir - straight line, f - shock serpent
Aim: a shock serpent shaped shifter (lightly wounded, 100% to hit)
The sticky flame hits the shock serpent.
The shock serpent is lightly wounded.
The shock serpent is covered in liquid flames!
* * * LOW HITPOINT WARNING * * *
The shock serpent burns!
The shock serpent bites you.
* * * LOW HITPOINT WARNING * * *
The shock serpent shocks you!
* * * LOW HITPOINT WARNING * * *
You feel much better.
The shock serpent burns!
The shock serpent shoots out a bolt of lightning at you!
The bolt of electricity hits you!!
* * * LOW HITPOINT WARNING * * *
The bolt of electricity hits you!!
You die...

....................
......#
......>.............
.......#
.................... #
.........................
#
.............#####<.....#
######
.....#########...#......#
...... .....#
........#...... ......
.....# ........#....###.
...... .....#
......S@#....#... ......
#....### ........#....#..#
###### #......#
........'....#..# #......#
........#....#..#
#......#+#####+#.#....#..#
#........<.....###....#..#
......................'..#
......................#..#
#
......................#..#
#


You could see a shock serpent shaped shifter (burning).

Vanquished Creatures
  Erolcha (D:10)
  A tengu warrior (D:10)
  A wizard (D:10)
  Pikel (D:5)
  A cyclops (D:9)
  Maurice (D:8)
  2 centaur zombies (D:10)
  A troll (D:11)
  Prince Ribbit (D:8)
  12 yaks
  A shadow (D:10)
  A wraith (D:9)
  Eustachio (D:4)
  3 wyverns
  2 humans (D:9)
  A steam dragon (D:7)
  A small abomination (D:10)
  An acid dragon (D:9)
  4 water moccasins
  4 orc warriors
  2 black bears
  2 ice beasts
  An ogre (D:5)
  7 centaurs
  A necrophage (D:8)
  A phantom (D:4)
  A lemure (D:4)
  4 kobold brigands
  A gnoll sergeant (D:9)
  A scorpion (D:5)
  2 bullfrogs
  9 killer bees
  2 howler monkeys
  3 jellies
  A gnoll shaman (D:9)
  2 hounds (D:5)
  Crazy Yiuf (D:5)
  A centaur skeleton (D:5)
  6 orc priests
  Ijyb (D:5)
  5 iguanas
  5 orc wizards
  A killer bee zombie (D:6)
  23 gnolls
  9 adders
  5 shadow imps
  An ufetubus (D:6)
  2 worms
  A dart slug (D:1)
  25 orcs
  3 endoplasms
  3 giant cockroaches (D:1)
  7 goblins
  6 hobgoblins
  6 quokkas
  4 ball pythons
  5 bats
  A frilled lizard (D:1)
  38 kobolds
  16 rats
256 creatures vanquished.

Vanquished Creatures (collateral kills)
  An adder (Sewer)
  A river rat (Sewer)
  An orc (D:8)
  A kobold (Sewer)
  6 rats (Sewer)
10 creatures vanquished.

Vanquished Creatures (others)
  A tengu warrior (D:10)
  A troll (D:10)
  A wyvern (D:9)
  A human (D:9)
  A basilisk (D:9)
  3 yaks (D:10)
  A water moccasin (D:9)
  An orc warrior (D:6)
  3 centaurs (D:8)
  A gnoll sergeant (D:9)
  A killer bee (D:10)
  An orc priest (D:7)
  A gnoll shaman (D:6)
  2 orc wizards (D:7)
  A shadow imp (D:6)
  2 orcs (D:7)
  6 bushes (D:9)
  6 fungi
  18 plants
52 creatures vanquished.

Grand Total: 318 creatures vanquished

Notes
Turn   | Place    | Note
-------+----------+-------------------------------------------
     0 | D:1      | firemarshallily the Djinni Wanderer began the quest for the
                  | Orb.
     0 | D:1      | Reached XP level 1. HP: 15/15 MP: 0/0
   255 | D:1      | Reached XP level 2. HP: 21/22 MP: 0/0
   312 | D:1      | Reached skill level 1 in Fighting
   777 | D:1      | Reached XP level 3. HP: 25/27 MP: 0/0
   777 | D:1      | Learned a level 1 spell: Animate Skeleton
  1584 | D:2      | Reached skill level 2 in Fighting
  1584 | D:2      | Reached XP level 4. HP: 14/33 MP: 0/0
  2328 | D:3      | Found a faded altar of an unknown god.
  2411 | D:3      | Found a glowing drain.
  2420 | Sewer    | Entered a sewer
  2701 | Sewer    | Reached XP level 5. HP: 39/39 MP: 0/0
  2701 | Sewer    | Learned a level 2 spell: Wereblood
  2719 | Sewer    | Noticed a kobold brigand
  2817 | Sewer    | Killed a kobold brigand
  2818 | Sewer    | Reached skill level 3 in Fighting
  3055 | Sewer    | Reached XP level 6. HP: 38/46 MP: 0/0
  3578 | D:3      | HP: 2/47 [something/magic dart (8)]
  4095 | D:3      | Reached skill level 4 in Fighting
  4095 | D:3      | Reached XP level 7. HP: 14/52 MP: 0/0
  4095 | D:3      | Learned a level 2 spell: Scorch
  5767 | D:4      | Noticed Eustachio
  5786 | D:4      | Killed Eustachio
  5787 | D:4      | Reached skill level 5 in Fighting
  5787 | D:4      | Reached XP level 8. HP: 5/59 MP: 0/0
  6162 | D:4      | Found a runed translucent gate.
  6163 | D:4      | Found a runed translucent gate.
  6164 | D:4      | Found a runed translucent gate.
  6164 | D:4      | Noticed Soldner's ghost (novice KoBr)
  6513 | D:5      | Entered Level 5 of the Dungeon
  6515 | D:5      | Found a staircase to the Ecumenical Temple.
  6515 | D:5      | Noticed Ijyb
  6627 | D:5      | Noticed Pikel
  6946 | D:5      | Killed Ijyb
  7040 | Temple   | Entered the Ecumenical Temple
  7433 | Temple   | Became a worshipper of Makhleb the Destroyer
  7550 | D:5      | Identified the +3 falchion of the Vaults {vorpal, *Corrode
                  | rN+ Str+6}
  7639 | D:5      | Reached skill level 5 in Spellcasting
  7989 | D:5      | Killed Pikel
  7990 | D:5      | Reached skill level 6 in Fighting
  7990 | D:5      | Reached XP level 9. HP: 19/67 MP: 0/0
  7990 | D:5      | Learned a level 4 spell: Anguish
  8426 | D:5      | Found Nyxabreaz's Jewellery Shoppe.
  8693 | D:5      | Found a runed translucent door.
  8694 | D:5      | Noticed Crazy Yiuf
  8703 | D:5      | Killed Crazy Yiuf
  9003 | D:6      | Reached skill level 7 in Fighting
  9130 | D:6      | Reached * piety under Makhleb
  9647 | D:7      | Found a glowing golden altar of the Shining One.
 10388 | D:7      | Reached skill level 8 in Fighting
 10475 | D:7      | Reached XP level 10. HP: 31/76 MP: 0/0
 10986 | D:8      | Noticed Maurice
 11024 | D:8      | Paralysed by Maurice for 3 turns
 11030 | D:8      | Killed Maurice
 11273 | D:8      | Reached skill level 9 in Fighting
 11647 | D:8      | Reached ** piety under Makhleb
 11703 | D:8      | Noticed Prince Ribbit
 11725 | D:8      | Killed Prince Ribbit
 12146 | D:9      | Found a staircase to the Lair.
 12224 | D:9      | Noticed a cyclops
 12236 | D:9      | Killed a cyclops
 12375 | D:9      | Reached XP level 11. HP: 82/85 MP: 0/0
 12375 | D:9      | Learned a level 4 spell: Sticky Flame
 12391 | D:9      | Reached skill level 10 in Fighting
 12680 | D:9      | Reached *** piety under Makhleb
 12737 | D:9      | Reached skill level 10 in Dodging
 13074 | D:10     | Entered Level 10 of the Dungeon
 13256 | D:10     | Reached skill level 11 in Fighting
 13295 | D:10     | Noticed a tengu warrior
 13295 | D:10     | Noticed a tengu warrior
 13306 | D:10     | Killed a tengu warrior
 13317 | D:10     | Killed a tengu warrior
 13630 | D:10     | Noticed Erolcha
 13649 | D:10     | Killed Erolcha
 13650 | D:10     | Reached XP level 12. HP: 88/94 MP: 0/0
 13741 | D:10     | Reached **** piety under Makhleb
 13927 | D:10     | Noticed a large abomination
 13927 | D:10     | Noticed a large abomination
 13949 | D:10     | Reached skill level 12 in Fighting
 14516 | D:11     | Noticed a shock serpent
 14516 | D:11     | a lindwurm changed into a shock serpent
 14522 | D:11     | HP: 4/95 [shock serpent (shapeshifter) (11)]
 14523 | D:11     | Killed from afar by a shock serpent (shapeshifter)

Illustrated notes

Levels and vault maps discovered:
D:1:      dpeg_arrival_line_fractal, layout_loops_cross
D:2:      layout_loops_ring
D:3:      layout_basic, dilly_ecumenical_altar_fadedgnrine,
          portal_sewer_entry_d, minmay_quadrilaterals
D:4:      layout_gridville, gammafunk_ghost_nasty_kobolds, uniq_eustachio
D:5:      layout_cave_pods, minmay_temple_entry_offerings, serial_shops,
          kennysheep_mini, uniq_ijyb, uniq_pikel, uniq_crazy_yiuf_cottage
D:6:      layout_basic
D:7:      layout_basic, marbit_many_paths, lemuel_flamethrower_1
D:8:      layout_rooms, kennysheep_pointless_box, centaur_isle,
          uniq_prince_ribbit1, uniq_maurice
D:9:      layout_irregular_city, minmay_lair_entry_grove, minmay_ruffians
D:10:     layout_loops_ring, grunt_ministairs_5, moated_statue, laboratory,
          uniq_erolcha
D:11:     layout_irregular_city, gauntlet_entry_generic, minmay_misc_feat_iff
Temple:   roderic_octagonal_lattice_temple

Skill      XL: |  1  2  3  4  5  6  7  8  9 10 11 12 |
---------------+-------------------------------------+-----
Fighting       | 1 2 3 4 5 6 8 9 11 12 | 12.1
Spellcasting   | 3 4 5 6 8 9 |  9.7
Dodging        | 6 7 8 9 10 | 10.9
Throwing       | |  1.0
Armour         | |  1.0

Action                   |  1- 3 |  4- 6 |  7- 9 | 10-12 || total
-------------------------+-------+-------+-------+-------++-------
Melee: Dagger            |    91 |   293 |       |       ||   384
       Punch             |     2 |     4 |     1 |    15 ||    22
       Short sword       |       |       |   117 |   551 ||   668
Throw: Stone             |       |       |       |     2 ||     2
       Dart              |       |       |       |     1 ||     1
 Cast: Sting             |    28 |    55 |    48 |    27 ||   158
       Animate Skeleton  |       |    21 |     6 |    18 ||    45
       Wereblood         |       |     7 |    17 |    29 ||    53
       Scorch            |       |       |   111 |    90 ||   201
       Ignite Poison     |       |       |    18 |    11 ||    29
       Anguish           |       |       |     4 |    34 ||    38
       Sticky Flame      |       |       |       |     2 ||     2
  Use: Scroll            |     2 |     3 |     8 |    10 ||    23
       Potion            |       |     3 |     1 |     7 ||    11
 Stab: Distracted        |       |       |       |     1 ||     1
       Invisible         |       |       |       |     4 ||     4
Armor: Leather armour    |    21 |    94 |    70 |   126 ||   311
       Skin              |       |       |     2 |       ||     2
       Acid dragon scale |       |       |       |   171 ||   171
Dodge: Dodged            |    51 |   187 |   161 |   635 ||  1034
